 Dungeon Crawl Stone Soup version 0.19.3-1-g3169bf9 (console) character file.

343 Lahna the Slasher (level 6, 0/52 HPs)
             Began as a Minotaur Fighter on Jan 23, 2017.
             Slain by an ogre
             ... wielding a +0 giant club
              (23 damage)
             ... on level 4 of the Dungeon.
             The game lasted 00:05:42 (2476 turns).

Lahna the Slasher (Minotaur Fighter)                Turns: 2476, Time: 00:05:42

Health: 0/52       AC:  7    Str: 20    XL:     6   Next: 31%
Magic:  0/5        EV:  9    Int:  5    God:
Gold:   147        SH:  9    Dex: 14    Spells: 0 memorised, 5 levels left

rFire  . . .     SeeInvis .     a - +0 long sword
rCold  . . .     Gourm    .     b - +0 scale mail
rNeg   . . .     Faith    .     c - +0 shield
rPois  .         Spirit   +     (helmet restricted)
rElec  .         Reflect  .     (no cloak)
rCorr  .         Harm     .     (no gloves)
MR     .....                    (no boots)
Stlth  ..........               m - amulet of guardian spirit
                                (no ring)
                                j - +2 ring of dexterity

@: no status effects
A: retaliatory headbutt, horns 2
a: no special abilities


You were on level 4 of the Dungeon.
You were not hungry.

You visited 1 branch of the dungeon, and saw 4 of its levels.

You collected 147 gold pieces.

Inventory:

Hand Weapons
 a - a +0 long sword (weapon)
Armour
 b - a +0 scale mail (worn)
 c - a +0 shield (worn)
Jewellery
 j - a +2 ring of dexterity (left hand)
 m - an amulet of guardian spirit (around neck)
 o - an uncursed amulet of rage {unknown}
Wands
 t - a wand of paralysis (14/24)
Scrolls
 e - 6 scrolls of identify {unknown}
 g - a scroll of recharging {unknown}
 h - 4 scrolls of magic mapping {unknown}
 l - a scroll of blinking {unknown}
 q - a scroll of amnesia {unknown}
 v - a scroll of fear {unknown}
Potions
 d - 2 potions of might
 i - a potion of agility {unknown}
 k - 2 potions of degeneration {unknown}
 n - 3 potions of curing {unknown}
 p - 2 potions of cure mutation {unknown}
 u - a potion of heal wounds {unknown}
Comestibles
 f - 6 bread rations
 r - a meat ration
 s - 12 chunks of flesh


   Skills:
 - Level 4.0 Fighting
 + Level 5.9 Long Blades
 - Level 4.0 Armour
 - Level 4.0 Dodging
 - Level 4.0 Shields


You had 5 spell levels left.
You didn't know any spells.

Dungeon Overview and Level Annotations

Branches:
Dungeon (4/15)
 Temple: D:4-7

Altars:


Innate Abilities, Weirdness & Mutations

You reflexively headbutt those who attack you in melee.
You have a pair of horns on your head.


Message History

You butcher the ogre corpse.
s - 12 chunks of flesh (gained 6)
You see here a giant club. x2
v - a scroll labeled WETROQ LAVAUS You see here a giant club.
There is a stone staircase leading down here.
There is a stone staircase leading down here.
You see here a giant club.
Found a ring mail.
An ogre comes into view. It is wielding a giant club.
The ogre shouts!
Found 20 bolts.
Found 7 javelins.
The ogre hits you with a giant club!!
Your shield and scale mail prevent you from hitting the ogre.
The ogre hits you with a giant club!
* * * LOW HITPOINT WARNING * * *
You are too injured to fight recklessly!
You barely miss the ogre. The ogre hits you with a giant club!!
You die...

...........░░
............░░░
░...(..........
░............
░..........░
░..(..[..░
░.......░ ░.O...░
░░@..░░ ░░░ ░..░░
░░.░ ░.░░ ░░..░ ░░░
░.░ ░░...░
░░..░░░░░.░ ░░....░
░░░.........░░
░.....░
░░............░░
░.....░
░░..............░
░.....░
░░...............░░
░.....░


You could see an ogre.

Vanquished Creatures
  An ogre (D:4)
  2 orc wizards
  Jessica (D:2)
  A worker ant (D:4)
  7 adders
  An ooze (D:4)
  5 worms
  2 leopard geckos
  5 orcs
  A ball python (D:3)
  11 bats
  2 giant cockroaches
  5 goblins (D:1)
  5 hobgoblins
  2 jackals (D:1)
  7 kobolds
  A quokka (D:2)
  3 frilled lizards
  11 rats
73 creatures vanquished.

Notes
Turn   | Place    | Note
-------+----------+-------------------------------------------
     0 | D:1      | Lahna the Minotaur Fighter began the quest for the Orb.
     0 | D:1      | Reached XP level 1. HP: 19/19 MP: 0/0
   219 | D:1      | Reached XP level 2. HP: 27/27 MP: 1/1
   683 | D:1      | Reached skill level 3 in Long Blades
   716 | D:1      | Reached XP level 3. HP: 31/33 MP: 0/2
  1077 | D:2      | Reached skill level 4 in Long Blades
  1080 | D:2      | Reached XP level 4. HP: 34/40 MP: 3/3
  1216 | D:2      | Noticed Jessica
  1224 | D:2      | Killed Jessica
  1224 | D:2      | Reached skill level 5 in Long Blades
  1589 | D:3      | Reached skill level 1 in Dodging
  1793 | D:3      | Reached XP level 5. HP: 43/46 MP: 4/4
  2407 | D:4      | Noticed an ogre
  2410 | D:4      | Killed an ogre
  2410 | D:4      | Reached XP level 6. HP: 46/52 MP: 5/5
  2476 | D:4      | Slain by an ogre

Skill      XL: |  1  2  3  4  5 |
---------------+----------------+-----
Shields        | 4 |  4.0
Fighting       | 4 |  4.0
Armour         | 4 |  4.0
Long Blades    | 3 4 5 |  5.9
Dodging        | 2 4 |  4.0

Action                   |  1- 3 |  4- 6 || total
-------------------------+-------+-------++-------
Melee: Long sword        |    83 |   102 ||   185
       Headbutt          |     8 |    25 ||    33
  Eat: Chunk             |     1 |     4 ||     5
Armor: Scale mail        |    37 |    28 ||    65
Dodge: Dodged            |    31 |    32 ||    63
Block: Shield            |    44 |    52 ||    96
       Rpst.: Long sword |    11 |     8 ||    19
